 Seeded DCSS version 0.28-a0-1510-gd0f6b136d3 (webtiles) character file.

Game seed: 20220115 (custom seed)

6 murtidash the Caller (level 1, 0/7 HPs)
             Began as a Felid Summoner on Jan 15, 2022.
             Slain by a jackal (2 damage)
             ... on level 1 of the Dungeon.
             The game lasted 00:01:24 (371 turns).

murtidash the Caller (Felid Summoner)                Turns: 371, Time: 00:01:24

Health: 0/7        AC:  1    Str:  4    XL:     1   Next: 75%
Magic:  1/4        EV: 17    Int: 16    God:
Gold:   0          SH:  0    Dex: 16    Spells: 3/4 levels left
                                        Lives:  0   Deaths: 0

rFire   . . .      SeeInvis +   (weapon unavailable)
rCold   . . .      Faith    .   (shield unavailable)
rNeg    . . .      Spirit   .   (armour unavailable)
rPois   .          Reflect  .   (helmet unavailable)
rElec   .          Harm     .   (cloak unavailable)
rCorr   .          Rampage  .   (gloves unavailable)
Will    .....                   (boots unavailable)
Stlth   ++........              (no amulet)
HPRegen 0.02/turn               (no ring)
MPRegen 0.09/turn               (no ring)

@: quick
A: very small, claws 1, fangs 3, see invisible, speed 1, shaggy fur 1, stealthy
paws, no weapons or thrown items, no armour, multi-lived
a: no special abilities


You were on level 1 of the Dungeon.
You visited 1 branch of the dungeon, and saw 1 of its levels.

Inventory:

Scrolls
 a - a scroll of vulnerability {unknown}


   Skills:
 - Level 2.6 Dodging
 - Level 2.6 Stealth
 + Level 2.2 Spellcasting
 + Level 4.1 Summonings


You had 3 spell levels left.
You knew the following spells:

 Your Spells              Type           Power      Damage    Failure   Level
Z - Summon Small Mammal   Summ           60%        N/A       3%          1

Your spell library contained the following spells:

 Spells                   Type           Power      Damage    Failure   Level
 Call Imp                 Summ           15%        N/A       5%          2
 Call Canine Familiar     Summ           15%        N/A       11%         3
 Summon Guardian Golem    Hex/Summ       8%         N/A       26%         3
 Summon Lightning Spire   Summ/Air       8%         N/A       65%         4


Dungeon Overview and Level Annotations

Branches:
Dungeon (1/15)

Altars:


Innate Abilities, Weirdness & Mutations

You have sharp claws.
You have razor-sharp teeth.
You have supernaturally acute eyesight. (SInv)
You cover ground quickly. (Speed+)
You are covered in fur. (AC +1)
Your paws help you pounce on unaware monsters.
You are incapable of wielding weapons or throwing items.
You cannot wear armour.
You gain extra lives every three experience levels.


Message History

Gang up on whom?
Aim: a jackal (moderately wounded, ally target) Attack!
The jackal misses your quokka. The jackal bites your quokka.
Your quokka dies!
Your quokka's corpse disappears in a puff of smoke!
The jackal completely misses your quokka.
The jackal misses your quokka.
Your quokka bites the jackal.
The jackal bites your quokka. x2
Your quokka bites the jackal but does no damage.
The jackal closely misses your quokka. The jackal bites your quokka.
You now have 0/4 mp.
What are your orders? t - Meow!
Orders for allies: a - Attack new target. p - Attack previous target. r - Retreat! s - Stop attacking. g - Guard the area. f - Follow me.
Anything else - Cancel.
Gang up on whom?
Aim: a jackal (severely wounded, ally target) Attack!
Your quokka closely misses the jackal.
The jackal misses your quokka. The jackal barely misses your quokka.
The jackal bites your quokka but does no damage.
The jackal bites your quokka.
Your quokka dies!
Your quokka's corpse disappears in a puff of smoke!
The jackal closely misses your bat. The jackal misses your bat.
Your bat hits the jackal. What are your orders? t - Meow!
Orders for allies: a - Attack new target. p - Attack previous target. r - Retreat! s - Stop attacking. g - Guard the area. f - Follow me.
Anything else - Cancel.
Gang up on whom?
Aim: a jackal (almost dead, ally target) Attack!
The jackal bites your bat. The jackal closely misses your bat.
Your bat hits the jackal but does no damage.
You don't have enough magic to cast this spell.
Your bat closely misses the jackal.
Your bat hits the jackal.
Your bat barely misses the jackal.
The jackal bites your bat.
Your bat hits the jackal but does no damage.
The jackal barely misses your bat.
Your bat hits the jackal but does no damage.
Your bat hits the jackal but does no damage.
Unknown command.
Your bat hits the jackal but does no damage.
Your bat hits the jackal.
Your bat hits the jackal but does no damage.
Things that are here:
a +0 dagger; a goblin corpse Your bat completely misses the jackal.
Your bat closely misses the jackal.
You see here a +0 dagger.
You closely miss the jackal.
Something bites your bat but does no damage.
The jackal closely misses you.
Your bat barely misses the jackal.
You scratch the jackal.
You kill the jackal!
Your bat barely misses the jackal.
Something barely misses your bat.
Your bat hits the jackal but does no damage.
Something bites your bat but does no damage.
The jackal bites you.
You take 2 damage, and have 5/7 hp.
MASSIVE DAMAGE!!
Your bat barely misses the jackal.
Something bites your bat. The jackal completely misses you.
Your bat barely misses the jackal.
You now have 0/4 mp.
You closely miss the jackal.
Your bat hits the jackal but does no damage.
Something closely misses your bat. The jackal barely misses you.
Your bat completely misses the jackal.
Something closely misses your bat.
Your bat closely misses the jackal.
The jackal barely misses you.
You closely miss the jackal. Your bite misses the jackal.
Your bat closely misses the jackal.
Your bat barely misses the jackal.
Your rat bites the jackal.
Your bat hits the jackal but does no damage.
The jackal closely misses your bat. The jackal misses you.
You barely miss the jackal. Your bite misses the jackal.
Your bat barely misses the jackal.
The jackal closely misses your rat.
Your rat bites the jackal.
You closely miss the jackal. Your bat misses the jackal.
The jackal closely misses you.
Your rat bites the jackal.
Your bat barely misses the jackal.
The jackal bites your rat.
Your rat dies!
Your rat's corpse disappears in a puff of smoke!
You scratch the jackal. Your bite misses the jackal.
Your bat hits the jackal but does no damage. x2
You scratch the jackal.
You kill the jackal!
Your bat hits the jackal. The jackal bites you.
You take 2 damage, and have 3/7 hp.
MASSIVE DAMAGE!!
You scratch the jackal. The jackal barely misses you.
Your bat misses the jackal. You closely miss the jackal.
Your bat disappears in a puff of smoke!
The jackal bites you.
* * * LOW HITPOINT WARNING * * *
The jackal closely misses you.
You take 1 damage, and have 2/7 hp.
The jackal bites you.
You die...

.8♣♣≈...........#h.
.#≈#≈...........##.
.###≈............#.##
..''.............#..#
.###≈............#..#
.#≈#≈####.#......##.#
.8♣♣≈####.#......##h#
.#≈#≈.....######.##.##
'###≈.##### #@##..#
..8#≈.# #.h).>#
...#≈.# ####### ...#≈
####


You could see a jackal.

Vanquished Creatures
  2 jackals (D:1)
2 creatures vanquished.

Vanquished Creatures (collateral kills)
  An endoplasm (D:1)
  A goblin (D:1)
  A kobold (D:1)
3 creatures vanquished.

Grand Total: 5 creatures vanquished

Notes
Turn   | Place    | Note
-------+----------+-------------------------------------------
     0 | D:1      | murtidash the Felid Summoner began the quest for the Orb.
     0 | D:1      | Reached XP level 1. HP: 7/7 MP: 4/4
   371 | D:1      | Slain by a jackal

Illustrated notes

Levels and vault maps discovered:
D:1:      saegor_arrival_fortress, layout_basic, shapermc_ecumenical_altar_petra

Action                   || total
-------------------------++-------
Melee: Unarmed           ||    10
 Cast: Summon Small Mamm ||    11
Dodge: Dodged            ||     9

Table legend: (Time is in decaauts)
 A = Elapsed time spent in this place.
 B = Non-inter-level travel time spent in this place.
 C = Inter-level travel time spent in this place.
 D = Time resting spent in this place.
 E = Time spent auto-exploring this place.
 F = Levels seen in this place.
 G = Mean time per level.
                   A        B        C        D        E       F      G
               +--------+--------+--------+--------+--------+-----+--------+
         Total |    350 |    350 |      0 |      0 |    278 |   1 |  350.0 |
       Dungeon |    350 |    350 |      0 |      0 |    278 |   1 |  350.0 |
               +--------+--------+--------+--------+--------+-----+--------+

Top non-repeatable levels by time:
     D:1: 350 daAuts

Table legend:
 A = Kills in this place as a percentage of kills in entire the game.
 B = Kills by you in this place as a percentage of kills by you in the entire game.
 C = Kills by friends in this place as a percentage of kills by friends in the entire game.
 D = Other kills in this place as a percentage of other kills in the entire game.
 E = Experience gained in this place as a percentage of experience gained in the entire game.
 F = Experience gained in this place divided by the number of levels of this place that you have seen.
                   A       B       C       D       E      F
               +-------+-------+-------+-------+-------+----------------------
         Total | 100.0 | 100.0 | 100.0 |   N/A | 100.0 |   9.0
       Dungeon | 100.0 | 100.0 | 100.0 |   N/A | 100.0 |   9.0
               +-------+-------+-------+-------+-------+----------------------
